 Dungeon Crawl Stone Soup version 0.21.0-3-g78d12a8 (webtiles) character file.

4175 wazuzu the Severer (level 10, -8/77 HPs)
             Began as a Minotaur Fighter on Jan 17, 2018.
             Was a Believer of Uskayaw.
             Killed from afar by an electric eel (15 damage)
             ... with a bolt of electricity
             ... on level 8 of the Dungeon.
             The game lasted 00:22:04 (6806 turns).

wazuzu the Severer (Minotaur Fighter)               Turns: 6806, Time: 00:22:05

Health: -8/77      AC:  8    Str: 23    XL:     10   Next: 8%
Magic:  9/9        EV: 10    Int:  5    God:    Uskayaw [**....]
Gold:   50         SH:  0    Dex: 11    Spells: 9/9 levels left

rFire    . . .     SeeInvis .   H - +0 war axe (elec)
rCold    . . .     Gourm    .   (no shield)
rNeg     . . .     Faith    .   J - +2 ring mail {rPois}
rPois    +         Spirit   .   (helmet restricted)
rElec    .         Reflect  .   d - +0 cloak
rCorr    .         Harm     .   (no gloves)
MR       .....                  (no boots)
Stlth    ++........             (no amulet)
HPRegen  0.22/turn              n - ring of stealth
MPRegen  0.11/turn              G - +3 ring of slaying

@: no status effects
A: retaliatory headbutt, horns 2
a: Stomp, Line Pass, Renounce Religion


You were on level 8 of the Dungeon.
You worshipped Uskayaw.
Uskayaw was noncommittal.
You were not hungry.

You visited 1 branch of the dungeon, and saw 8 of its levels.
You also visited: Ossuary.

You collected 327 gold pieces.
You spent 277 gold pieces at shops.

Inventory:

Hand Weapons
 a - a +1 war axe
 q - a +2 hand axe of flaming
 H - a +0 war axe of electrocution (weapon)
Armour
 c - a +0 shield
 d - a +0 cloak (worn)
 J - a +2 ring mail of poison resistance (worn)
Jewellery
 n - a ring of stealth (left hand)
 G - a +3 ring of slaying (right hand)
Wands
 h - a wand of random effects (19)
 x - a wand of acid (8)
 y - a wand of iceblast (8)
 B - a wand of paralysis (11)
 I - a wand of digging (17)
Scrolls
 b - a scroll of summoning {unknown}
 g - 15 scrolls of remove curse
 i - 3 scrolls of enchant weapon
 j - 4 scrolls of fog
 l - 7 scrolls of teleportation
 m - 3 scrolls of blinking
 o - 2 scrolls of enchant armour
 r - 8 scrolls of identify
 s - 2 scrolls of amnesia
 F - a scroll of fear {unknown}
Potions
 e - 3 potions of haste {unknown}
 k - a potion of cancellation {unknown}
 p - 2 potions of agility
 t - 2 potions of curing {unknown}
 u - 3 potions of flight
 v - a potion of might
 w - a potion of brilliance {unknown}
 z - a potion of invisibility {unknown}
 A - 4 potions of heal wounds
 C - a potion of ambrosia {unknown}
 D - a potion of magic {unknown}
Comestibles
 f - 19 rations
 E - 5 chunks of flesh


   Skills:
 - Level 3.6 Fighting
 + Level 16.3 Axes
 - Level 3.6 Armour
 - Level 3.6 Shields


You had 9 spell levels left.
You didn't know any spells.

Dungeon Overview and Level Annotations

Branches:
Dungeon (8/15)             Temple (0/1) D:6
   Lair: D:8-11

Altars:
Cheibriados
Dithmenos
Gozag
Hepliaklqana
Kikubaaqudgha
Qazlal
Ru
Uskayaw
Vehumet
Wu Jian
Zin
The Shining One

Shops:
D:5 ?   D:7 !

Annotations:
D:8 Prince Ribbit


Innate Abilities, Weirdness & Mutations

You reflexively headbutt those who attack you in melee.
You have a pair of horns on your head.


Message History

The electric eel shoots out a bolt of lightning at you!
The bolt of electricity hits you!
An electric eel comes into view.
The electric eel shoots out a bolt of lightning at you!
The bolt of electricity hits you!
* * * LOW HITPOINT WARNING * * *
An orc comes into view. It is wielding a club.
Found a brass wand.
You barely miss the electric eel. Your headbutt misses the electric eel.
You slash the electric eel!
The electric eel is almost dead.
The orc shouts!
The electric eel shoots out a bolt of lightning at you!
The bolt of electricity misses you. The bolt of electricity hits you!
* * * LOW HITPOINT WARNING * * *
The bolt of electricity hits the electric eel.
The electric eel completely resists.
The electric eel shoots out a bolt of lightning at you!
The bolt of electricity hits you!
You die...

≈≈...≈.##.........#
≈≈..∩.≈............#
o;....≈..####'######
≈≈.!..≈.. #.#
.≈.≈≈.≈.# #.#
≈≈≈≈..≈.# #.#######
.≈≈≈....#####........
≈≈≈≈..≈..............
.≈.≈≈.;@.####<#######
.≈≈≈≈≈≈..# #.#
≈≈≈≈≈.≈≈.# #.#
≈≈≈≈.≈≈≈.# #.#
.........# #.#
##.####### #.# #. #.#
/


You could see 2 electric eels and an orc.

Vanquished Creatures
  The ghost of sankara the Ruffian, a novice DrTm of Makhleb (D:6)
  Joseph (D:7)
  2 hippogriffs (D:8)
  14 dancing weapons
  2 wraiths (Ossuary)
  Edmund (D:6)
  2 orc warriors
  3 ice beasts (D:8)
  A black bear (D:7)
  A sky beast (D:6)
  A phantom (D:5)
  A centaur (D:6)
  An eye of draining (D:8)
  2 ogres (D:6)
  The ghost of p0werm0de the Grave Robber, an amateur GrNe (D:3)
  A bullfrog (D:7)
  2 scorpions
  A vampire bat (D:4)
  3 wights (Ossuary)
  The ghost of theElss the Skirmisher, a weakling GrBe of Trog (D:5)
  An electric eel (D:8)
  2 crimson imps
  5 hounds
  A jelly (D:5)
  An orc priest (D:7)
  A bullfrog skeleton (D:6)
  Crazy Yiuf (D:6)
  A centaur skeleton (D:4)
  3 iguanas
  4 orc wizards
  5 worker ants
  A bullfrog simulacrum (D:8)
  A hound skeleton (D:7)
  A howler monkey zombie (D:7)
  A worker ant zombie (D:7)
  4 gnolls (D:2)
  A howler monkey skeleton (D:5)
  7 adders
  A howler monkey simulacrum (D:8)
  2 white imps (D:8)
  An ooze (D:3)
  An adder zombie (Ossuary)
  An adder skeleton (D:7)
  4 worms
  3 dart slugs
  3 fire bats (D:4)
  7 leopard geckos
  19 orcs
  2 spectral bats (D:4)
  3 bat skeletons (D:4)
  A bat zombie (D:4)
  4 giant cockroaches
  7 goblins
  9 hobgoblins
  7 jackals
  6 quokkas
  5 ball python skeletons (Ossuary)
  17 bats
  A bat simulacrum (D:4)
  5 frilled lizards
  A hobgoblin zombie (D:6)
  2 jackal zombies (D:6)
  6 kobolds
  2 kobold zombies (Ossuary)
  3 leopard gecko skeletons
  An orc skeleton (Ossuary)
  2 quokka skeletons
  5 rats
214 creatures vanquished.

Notes
Turn   | Place    | Note
-------+----------+-------------------------------------------
     0 | D:1      | wazuzu the Minotaur Fighter began the quest for the Orb.
     0 | D:1      | Reached XP level 1. HP: 19/19 MP: 0/0
   108 | D:1      | Reached skill level 3 in Axes
   122 | D:1      | Reached XP level 2. HP: 21/26 MP: 1/1
   250 | D:1      | Reached skill level 4 in Axes
   687 | D:2      | Reached XP level 3. HP: 29/31 MP: 2/2
   866 | D:2      | Reached skill level 5 in Axes
   949 | D:2      | Reached XP level 4. HP: 33/39 MP: 3/3
  1133 | D:2      | Found an opulent altar of Gozag.
  1138 | D:2      | Found a radiant altar of Vehumet.
  1148 | D:2      | Reached skill level 6 in Axes
  1430 | D:3      | Noticed p0werm0de's ghost (amateur GrNe)
  1440 | D:3      | Killed p0werm0de's ghost
  1440 | D:3      | Reached XP level 5. HP: 41/45 MP: 4/4
  1465 | D:3      | Reached skill level 7 in Axes
  1602 | D:3      | Found a hazy altar of Hepliaklqana.
  1773 | D:3      | Found a glowing golden altar of the Shining One.
  1876 | D:4      | Found a shadowy altar of Dithmenos.
  2014 | D:4      | Reached XP level 6. HP: 42/51 MP: 5/5
  2362 | D:4      | Reached skill level 8 in Axes
  2561 | D:4      | Found a glowing silver altar of Zin.
  2561 | D:4      | Noticed an angel
  2701 | D:4      | Reached skill level 9 in Axes
  2717 | D:4      | Reached XP level 7. HP: 44/57 MP: 6/6
  2811 | D:5      | Entered Level 5 of the Dungeon
  2888 | D:5      | Found an ornate altar of the Wu Jian Council.
  2896 | D:5      | Became a worshipper of the Wu Jian Council
  3045 | D:5      | Reached skill level 10 in Axes
  3169 | D:5      | Found a sacrificial altar of Ru.
  3176 | D:5      | Noticed theElss's ghost (weakling GrBe)
  3178 | D:5      | Killed theElss's ghost
  3192 | D:5      | Found Orphees's Magic Scroll Shop.
  3199 | D:5      | Bought a scroll of identify for 20 gold pieces
  3199 | D:5      | Bought a scroll of fog for 20 gold pieces
  3199 | D:5      | Bought a scroll of enchant armour for 75 gold pieces
  3199 | D:5      | Bought a scroll of remove curse for 30 gold pieces
  3255 | D:5      | Found an ancient bone altar of Kikubaaqudgha.
  3613 | D:6      | Reached skill level 11 in Axes
  3637 | D:6      | Reached XP level 8. HP: 61/64 MP: 7/7
  3705 | D:6      | Found a sand-covered staircase.
  3715 | Ossuary  | Entered an ossuary
  3811 | Ossuary  | Noticed a flying skull
  3822 | Ossuary  | Noticed a flying skull
  3845 | Ossuary  | Noticed a flying skull
  3862 | Ossuary  | Noticed a flying skull
  3877 | Ossuary  | Reached * piety under Wu Jian
  4008 | Ossuary  | Reached skill level 12 in Axes
  4177 | D:6      | Reached skill level 13 in Axes
  4186 | D:6      | Noticed Edmund
  4195 | D:6      | Killed Edmund
  4278 | D:6      | Found a stormy altar of Qazlal.
  4308 | D:6      | Found a snail-covered altar of Cheibriados.
  4472 | D:6      | Reached XP level 9. HP: 64/70 MP: 8/8
  4532 | D:6      | Found a staircase to the Ecumenical Temple.
  4535 | D:6      | Noticed sankara's ghost (novice DrTm)
  4544 | D:6      | Killed sankara's ghost
  4544 | D:6      | Reached skill level 14 in Axes
  4560 | D:6      | Found a runed door.
  4607 | D:6      | Noticed Crazy Yiuf
  4612 | D:6      | Killed Crazy Yiuf
  4873 | D:7      | Found a hide-covered altar of Uskayaw.
  4889 | D:7      | Fell from the grace of Wu Jian
  4889 | D:7      | Became a worshipper of Uskayaw the Reveler
  4943 | D:7      | Noticed Joseph
  4945 | D:7      | Reached * piety under Uskayaw
  4947 | D:7      | Reached ** piety under Uskayaw
  4952 | D:7      | Reached *** piety under Uskayaw
  4953 | D:7      | Reached **** piety under Uskayaw
  4954 | D:7      | Killed Joseph
  4954 | D:7      | Reached skill level 15 in Axes
  6067 | D:7      | Found Nunwe's Distillery.
  6070 | D:7      | Bought a potion of heal wounds for 55 gold pieces
  6070 | D:7      | Bought a potion of agility for 44 gold pieces
  6070 | D:7      | Bought a potion of flight for 33 gold pieces
  6187 | D:8      | Noticed Prince Ribbit
  6642 | D:8      | Reached skill level 16 in Axes
  6648 | D:8      | Reached XP level 10. HP: 65/77 MP: 0/9
  6718 | D:8      | Got a jasper-encrusted leather armour
  6729 | D:8      | Identified the +2 leather armour of Uffan {rCorr Str+6 Int-5 Dex+3 Stlth+} (You found it on level 8 of the Dungeon)
  6729 | D:8      | Lost intelligence.
  6806 | D:8      | Killed from afar by an electric eel

Skill      XL: |  1  2  3  4  5  6  7  8  9 |
---------------+----------------------------+-----
Axes           | 3 4 5 6 7 9 11 13 16 | 16.3
Fighting       | |  3.6
Armour         | |  3.6
Shields        | |  3.6

Action                   |  1- 3 |  4- 6 |  7- 9 | 10-12 || total
-------------------------+-------+-------+-------+-------++-------
Melee: War axe           |    67 |   118 |   302 |     9 ||   496
       Headbutt          |     9 |    12 |    60 |     1 ||    82
Invok: Lunge             |       |       |    15 |       ||    15
  Use: Potion            |       |     1 |       |       ||     1
       Scroll            |       |       |     9 |       ||     9
 Stab: Paralysed         |       |       |     4 |       ||     4
  Eat: Chunk             |       |     6 |     5 |     1 ||    12
       Ration            |       |       |     2 |       ||     2
Armor: Scale mail        |    25 |    88 |    69 |       ||   182
       Ring mail         |       |       |    24 |     3 ||    27
Dodge: Dodged            |    33 |    79 |    93 |     1 ||   206
